 Dungeon Crawl Stone Soup version 0.21.1-1-g345015f (webtiles) character file.

10 letownia2 the Magician (level 2, 0/15 HPs)
             Began as a Tengu Wizard on Mar 4, 2018.
             Slain by an orc
             ... wielding a cursed -1 hand axe
              (3 damage)
             ... on level 4 of the Dungeon.
             The game lasted 00:02:43 (666 turns).

letownia2 the Magician (Tengu Wizard)                Turns: 666, Time: 00:02:44

Health: 0/15       AC:  3    Str:  7    XL:     2   Next: 20%
Magic:  1/7        EV: 12    Int: 18    God:
Gold:   144        SH:  0    Dex: 12    Spells: 4/7 levels left

rFire    . . .     SeeInvis .   i - +0 dagger
rCold    . . .     Gourm    .   (no shield)
rNeg     . . .     Faith    .   a - +0 robe
rPois    .         Spirit   .   b - +0 hat
rElec    .         Reflect  .   e - +0 cloak
rCorr    .         Harm     .   (no gloves)
MR       .....                  (boots unavailable)
Stlth    ++........             (no amulet)
HPRegen  0.05/turn              (no ring)
MPRegen  0.10/turn              (no ring)

@: no status effects
A: beak, talons 3
a: no special abilities


You were on level 4 of the Dungeon.
You were not hungry.

You visited 1 branch of the dungeon, and saw 4 of its levels.

You collected 144 gold pieces.

Inventory:

Hand Weapons
 i - a +0 dagger (weapon)
 n - the cursed +2 hunting sling "Ifedeh" {velocity, rC+, unknown}
   (You found it on level 4 of the Dungeon)

   Any stone fired from it inflicts extra damage.
   It protects you from cold.
   It has a curse placed upon it.
Missiles
 g - a javelin (quivered)
Armour
 a - a +0 robe (worn)
 b - a +0 hat (worn)
 e - a +0 cloak (worn)
Wands
 m - a wand of acid (6)
Scrolls
 j - 2 scrolls of teleportation {unknown}
 k - a scroll of random uselessness {unknown}
 l - a scroll of amnesia {unknown}
Potions
 f - 2 potions of lignification {unknown}
 h - a potion of curing {unknown}
Books
 c - a book of Minor Magic

   Spells                             Type                      Level
   a - Magic Dart                     Conjuration                  1
   b - Blink                          Translocation                2
   c - Call Imp                       Summoning                    2
   d - Slow                           Hexes                        2
   e - Conjure Flame                  Conjuration/Fire             3
   f - Mephitic Cloud                 Conjuration/Poison/Air       3
Comestibles
 d - 2 rations


   Skills:
 - Level 2.1 Dodging
 - Level 2.0 Stealth
 - Level 3.0 Spellcasting
 + Level 3.0 Conjurations
 - Level 1.2 Summonings
   Level 0.7 Translocations


You had 4 spell levels left.
You knew the following spells:

 Your Spells              Type           Power        Failure   Level  Hunger
a - Magic Dart            Conj           ##..         4%          1    None
i - Call Imp              Summ           #.......     16%         2    ##.....


Dungeon Overview and Level Annotations

Branches:
Dungeon (4/15)
 Temple: D:4-7

Altars:
Ashenzari

Annotations:
D:4 Eustachio


Innate Abilities, Weirdness & Mutations

You have a beak for a mouth.
You have claws for feet.


Message History

Throwing (i - inventory):
g - 4 javelins (quivered)
Press: ? - help, Shift-Dir - straight line, f/p - orc
Aim: an orc, wielding a hand axe and wearing a ring mail (heavily wounded)
You throw a javelin. The javelin hits the orc.
The orc is severely wounded.
The orc curses repeatedly, as Orcs often do.
The orc hits you but does no damage. x2
Unknown command.
Throwing (i - inventory):
g - 3 javelins (quivered)
Press: ? - help, Shift-Dir - straight line, f/p - orc
Aim: an orc, wielding a hand axe and wearing a ring mail (severely wounded)
You throw a javelin. The javelin barely misses the orc.
The orc misses you.
Unknown command.
Unknown command.
Throwing (i - inventory):
g - 2 javelins (quivered)
Press: ? - help, Shift-Dir - straight line, f/p - orc
Aim: an orc, wielding a hand axe and wearing a ring mail (severely wounded)
You throw a javelin. The javelin closely misses the orc.
The orc hits you with a hand axe.
You die...

#.#
#######.#
#.......#
#.#######
#.# #.# #.#
#.##########
#...@o.....(
############


You could see an orc.

Vanquished Creatures
  A leopard gecko (D:4)
  A giant cockroach (D:3)
  3 goblins
  A hobgoblin (D:3)
  A bat (D:1)
  A frilled lizard (D:1)
8 creatures vanquished.

Notes
Turn   | Place    | Note
-------+----------+-------------------------------------------
     0 | D:1      | letownia2 the Tengu Wizard began the quest for the Orb.
     0 | D:1      | Reached XP level 1. HP: 10/10 MP: 5/5
   206 | D:4      | Noticed Eustachio
   270 | D:3      | Found a shattered altar of Ashenzari.
   434 | D:3      | Noticed a hound
   511 | D:3      | Reached XP level 2. HP: 15/15 MP: 2/7
   601 | D:3      | Learned a level 2 spell: Call Imp
   631 | D:4      | Got a warped hunting sling
   666 | D:4      | Slain by an orc

Skill      XL: |  1  2 |
---------------+-------+-----
Conjurations   | 2 3 |  3.0
Dodging        | |  2.1
Stealth        | |  2.0
Spellcasting   | |  3.0
Summonings     | |  1.2
Translocations | |  0.7

Action                   || total
-------------------------++-------
Throw: Javelin           ||     5
 Cast: Magic Dart        ||    22
Armor: Robe              ||     3
Dodge: Dodged            ||     5
